Cogmind - Beta 16 *** ADVENTURER MODE // 2025.11.29 @ 13:34:02 Player: Z4IKA Result: Destroyed by Y-45 Defender with Heavy Assault Rifle Performance ------------- Evolutions (1) 500 Regions Visited (2) 400 Robots Destroyed (67) 335 Value Destroyed (1412) 1412 Prototype IDs (3) 60 Alien Tech Used (0) 0 Bonus (79) 79 TOTAL SCORE: 2786 Bonus ------- High Alert Combat Kills 79 Cogmind --------- Core Integrity 0/400 Matter 43/500 Energy 100/100 System Corruption 0% Temperature Cool (9) Movement Rolling (110) Ox2 Location -9/Materials Parts ------- > --- POWER (1) -------- (None) > --- PROPULSION (2) --- Wheel > --- UTILITY (4) ------ Large Storage Unit High-capacity Matter Pod Actuator Array > --- WEAPON (2) ------- (None) > --- INVENTORY (15) --- Large Storage Unit Machine Analyzer Terrain Scanner Actuator Array Advanced Beam Cannon Light Assault Rifle Grenade Launcher Peak State ------------ > --- POWER ------------ Ion Engine > --- PROPULSION ------- Light Treads > --- UTILITY ---------- Large Storage Unit High-capacity Matter Pod Actuator Array > --- WEAPON ----------- Advanced Beam Cannon Grenade Launcher > --- INVENTORY -------- Wheel Machine Analyzer Actuator Array Light Assault Rifle Light Assault Rifle Light Assault Rifle [Rating: 12] Favorites ----------- Power Ion Engine Engine Ion Engine Propulsion Wheel Treads Light Treads Wheel Wheel Utility Large Storage Unit Device Actuator Array Storage Large Storage Unit Weapon Grenade Launcher Energy Cannon Advanced Beam Cannon Ballistic Gun Light Assault Rifle Launcher Grenade Launcher Build | -11 -10 -9 ------- Run | Yrd Mat Mat Slots Evolved 2 | . . 2 Power . | . . . Propulsion . | . . . Utility 2 | . . 2 Weapon . | . . . Parts Attached 20 | 6 6 8 Power 3 | 1 1 1 Engine 3 | 1 1 1 Core . | . . . Reactor . | . . . Propulsion 4 | 2 . 2 Treads 1 | . . 1 Leg . | . . . Wheel 3 | 2 . 1 Hover . | . . . Flight . | . . . Utility 5 | 1 2 2 Device 1 | . . 1 Storage 4 | 1 2 1 Processor . | . . . Hackware . | . . . Protection . | . . . Artifact . | . . . Weapon 8 | 2 3 3 Energy Gun . | . . . Energy Cannon 1 | . . 1 Ballistic Gun 3 | 2 . 1 Ballistic Cannon . | . . . Launcher 4 | . 3 1 Special Weapon . | . . . Impact Weapon . | . . . Slashing Weapon . | . . . Piercing Weapon . | . . . Special Melee Weapon . | . . . Unidentified Prototypes 1 | . . 1 Parts Lost 8 | . . 8 Power 1 | . . 1 Propulsion 3 | . . 3 Utility . | . . . Weapon 4 | . . 4 Highest Loss Streak 4 | . . 4 To Critical Strikes . | . . . Average Backups 4 | 2 4 4 Power . | . . . Propulsion . | 1 1 . Utility . | . . 1 Weapon 2 | . 1 3 Tool/Special . | . . . Unused Backups 5 | . 2 3 Power . | . . . Propulsion 1 | . 1 . Utility 3 | . 1 2 Weapon 1 | . . 1 Tool/Special . | . . . Average Slot Usage (%) 77 | . 90 69 Engine 11 | . 14 10 Treads 5 | . . 8 Wheel 12 | . 28 3 Device 3 | . . 6 Storage 21 | . 18 22 Energy Cannon 2 | . . 4 Ballistic Gun 7 | . 10 5 Launcher 12 | . 17 9 Peak Build Rating 12 | 6 7 12 Average Rating 7 | 4 6 9 On Entrance 4 | . 6 7 Avg Prop Armor Cover (%) . | . . . Naked Turns . | . . . Heaviest Build 58 | 10 35 58 Greatest Support 26 | 26 26 26 Greatest Overweight (x) 3 | . 1 3 Average Overweight (x) . | . . 1 Largest Inventory Capacity 15 | 8 15 15 Average Capacity 12 | 7 10 15 Most Carried 7 | 5 7 7 Average Carried 4 | 3 4 4 Final Capacity 15 | 8 15 15 Final Carried 7 | 4 4 7 Class Distribution -------------------- 100% | Mutant Dominant Class ---------------- Mutant | -10/Materials Mutant | -9/Materials Resources | -11 -10 -9 ----------- Run | Yrd Mat Mat Matter Collected 1057 | 161 570 326 Remotely . | . . . Salvage Created 1311 | 87 465 759 Parts 103 | 7 29 67 Haulers Intercepted 2 | . 2 . Recyclers Shooed 3 | 1 . 2 Parts Field Recycled . | . . . Retrieved Matter . | . . . Parts Self-Destructed . | . . . Prevented . | . . . Parts Restored . | . . . Kills | -11 -10 -9 ------- Run | Yrd Mat Mat Combat Hostiles Destroyed 34 | . 12 22 Guns 2 | . 2 . Cannons 5 | . . 5 AOE 27 | . 10 17 Classes Destroyed 11 | 2 5 4 Worker 5 | . 3 2 Builder 9 | . 1 8 Tunneler 3 | 2 . 1 Hauler 2 | . 2 . Recycler 7 | 1 1 5 Mechanic 1 | . . 1 Operator 1 | . . 1 Watcher 5 | . 1 4 Swarmer 10 | . . 10 Grunt 23 | . 12 11 Sentry 1 | . . 1 Best Kill Streak 22 | 3 6 22 Combat Bots Only 9 | . 3 9 Max Kills in Single Turn 3 | 1 2 3 Gunslinging . | . . . Exploded 2 | . 2 2 Melee . | . . . Uniques/NPCs Destroyed . | . . . Combat | -11 -10 -9 -------- Run | Yrd Mat Mat Hostile Shots Fired 198 | . 29 169 Missed 56 | . 8 48 Hits 142 | . 21 121 Projectile 142 | . 21 121 Critical Strikes 2 | . . 2 Damage Taken 1536 | . 326 1210 Core 474 | . 69 405 Absorbed by Shields . | . . . Ignored by Resistances 458 | . 99 359 Regen/Repaired (Parts) 55 | . 55 . Core Remaining (%) 86 | 100 72 . Volleys Fired 95 | 12 34 49 Largest 2 | 2 2 2 Hottest 98 | 40 60 98 Shots Fired 171 | 24 65 82 Gun 66 | 24 29 13 Cannon 18 | . . 18 Launcher 87 | . 36 51 Special . | . . . Kinetic 66 | 24 29 13 Thermal 18 | . . 18 Explosive 87 | . 36 51 Electromagnetic . | . . . Robot Hit Streak 11 | 9 11 11 Robot Miss Streak 1 | 1 1 1 Penetration Max . | . . . Secondary Targets . | . . . Shots Hit Robots 91 | 22 35 34 Core Hits 113 | 7 34 72 Critical Kills . | . . . Critical Parts Destroyed 1 | 1 . . Critical Strikes 1 | 1 . . Destroy 1 | 1 . . Melee Attacks . | . . . Impact . | . . . Slashing . | . . . Piercing . | . . . Sneak Attacks . | . . . Combat Hostiles . | . . . Follow-up Attacks . | . . . Damage Inflicted 4482 | 183 1514 2785 Guns 405 | 183 137 85 Cannons 211 | . . 211 Explosions 3866 | . 1377 2489 Melee . | . . . Ramming . | . . . Kinetic 405 | 183 137 85 Thermal 211 | . . 211 Explosive 3866 | . 1377 2489 Electromagnetic . | . . . Impact . | . . . Slashing . | . . . Piercing . | . . . Highest Corruption . | . . . Average Corruption . | . . . Corruption Purged . | . . . Corruption Blocked . | . . . Overload Shots . | . . . Overflow Damage 76 | . 35 41 Projectiles . | . . . Explosions 76 | . 35 41 Melee . | . . . Knockbacks . | . . . Impact . | . . . Kinetic . | . . . Secondary . | . . . Self-Inflicted Damage 254 | . 146 108 Shots 16 | . 7 9 Rammed 1 | . . 1 Targets Rammed 1 | . . 1 Kicked . | . . . Crushed . | . . . Highest Temperature 168 | . 42 168 Average Temperature 30 | . 15 42 Received Heat Transfer 582 | . 135 447 Siege Activations . | . . . Martial Activations . | . . . Shielding Activations . | . . . Robots Disrupted . | . . . Combat Hostiles . | . . . Robots Corrupted . | . . . Combat Hostiles . | . . . Parts Fried . | . . . Impact Corruptions . | . . . Robots Melted . | . . . Combat Hostiles . | . . . Parts Melted . | . . . Heat Transferred 370 | . . 370 Parts Sabotaged . | . . . Parts Stolen . | . . . Parts Stripped . | . . . Power Chain Reactions . | . . . Alert | -11 -10 -9 ------- Run | Yrd Mat Mat Maximum Alert Level 2 | . 2 2 Low Security (%) 26 | 100 38 8 Level 1 28 | . 53 15 Level 2 45 | . 7 76 Level 3 . | . . . Level 4 . | . . . Level 5 . | . . . High Security . | . . . Max Security . | . . . Peak Influence 591 | 5 451 591 Initial 162 | . . 162 Average 334 | 1 204 462 Influence Increases 1455 | 15 641 799 Destroy 0b10 Robot/C 680 | . 240 440 Destroy 0b10 Robot/NC 165 | 15 40 110 Destroy Leader 114 | . 46 68 Successful Hack 24 | . 13 11 Disable Machine 198 | . 162 36 Destroy Structure 259 | . 140 119 Lose Combat Pursuer 15 | . . 15 Influence Decreases 884 | 15 190 679 Entered New Map 289 | . . 289 Time Decay 515 | 15 190 310 Lost Part 80 | . . 80 Squads Dispatched 4 | . 3 1 Investigation 3 | . 3 . Extermination . | . . . Reinforcement 1 | . . 1 Assault . | . . . Garrison . | . . . Intercept . | . . . Searches Triggered . | . . . Construction Impeded . | . . . Haulers Reinforced . | . . . Active Scanning Responses . | . . . Cargo Convoy Interrupts . | . . . Stealth | -11 -10 -9 --------- Run | Yrd Mat Mat Distress Signals 4 | . 1 3 Communications Jammed . | . . . Distress Signals . | . . . Times Spotted 46 | . 12 34 Peak Tracking Total 7 | . 3 7 Tactical Retreats 1 | . . 1 Traps | -11 -10 -9 ------- Run | Yrd Mat Mat Traps Triggered . | . . . Indirectly . | . . . Trap Hack Attempts . | . . . Triggered . | . . . Disarmed . | . . . Reprogrammed . | . . . Reused . | . . . Traps Extracted . | . . . Installed . | . . . Triggered . | . . . Machines | -11 -10 -9 ---------- Run | Yrd Mat Mat Machines Disabled 22 | . 18 4 Max in Single Turn 5 | . 5 1 Machines Repaired . | . . . Machines Dismantled . | . . . Machines Sabotaged . | . . . Overloaded Fab Kills . | . . . Hacking | -11 -10 -9 --------- Run | Yrd Mat Mat Machines Accessed 6 | . 4 2 Terminals 3 | . 1 2 Fabricators . | . . . Repair Stations 1 | . 1 . Recycling Units 2 | . 2 . Scanalyzers . | . . . Garrison Access . | . . . Total Hacks 28 | . 17 11 Successful 23 | . 13 10 Failed 5 | . 4 1 Catastrophic . | . . . Database Lockouts . | . . . Manual . | . . . Terminals 13 | . 2 11 Fabricators . | . . . Repair Stations 3 | . 3 . Recycling Units 12 | . 12 . Scanalyzers . | . . . Garrison Access . | . . . Terminal Hacks 12 | . 2 10 Record 7 | . 1 6 Robot Analysis 1 | . 1 . Prototype ID Bank 1 | . . 1 Terminal Index 1 | . . 1 Dispatch Records 1 | . . 1 Reinforcement Status 1 | . . 1 Fabricator Hacks . | . . . Repair Station Hacks 2 | . 2 . Scan Component 1 | . 1 . Repair 1 | . 1 . Recycling Unit Hacks 9 | . 9 . Recycle Component 2 | . 2 . Process 6 | . 6 . Retrieve Components 1 | . 1 . Scanalyzer . | . . . Garrison Access Hacks . | . . . Unauthorized Hacks . | . . . Terminals . | . . . Fabricators . | . . . Repair Stations . | . . . Recycling Units . | . . . Scanalyzers . | . . . Garrison Access . | . . . Data Cores Recovered . | . . . Used . | . . . Hacking Detections 5 | . 4 1 Full Trace Events 4 | . 3 1 Feedback Events . | . . . Feedback Blocked . | . . . Robot Schematics Acquired . | . . . Robots Built . | . . . Authchips . | . . . Time . | . . . Total Robot Build Rating . | . . . Part Schematics Acquired . | . . . Parts Built . | . . . Authchips . | . . . Time . | . . . Total Part Build Rating . | . . . Part Studies Acquired . | . . . Parts Repaired 1 | . 1 . Time 13 | . 13 . Parts Recycled 2 | . 2 . Recycled Matter 55 | . 55 . Retrieved Matter . | . . . Retrieved Components . | . . . Parts Scanalyzed . | . . . Part Schematics Acquired . | . . . Parts Damaged . | . . . Bothacking | -11 -10 -9 ------------ Run | Yrd Mat Mat Used RIF Installer . | . . . Robots Hacked . | . . . Non-combat . | . . . Combat . | . . . Robot Hacks Applied . | . . . Relay Couplers Released . | . . . Fabnet Peak Effective % . | . . . Robots Rewired . | . . . Allies Hacked . | . . . Hacks Repelled . | . . . Allies | -11 -10 -9 -------- Run | Yrd Mat Mat Total Allies . | . . . Largest Group . | . . . Highest-Rated Group . | . . . Highest-Rated Ally . | . . . Total Orders . | . . . Ally Attacks . | . . . Total Damage . | . . . Kills . | . . . Allies Corrupted . | . . . Allies Melted . | . . . Intel | -11 -10 -9 ------- Run | Yrd Mat Mat Active Infowar (turns) . | . . . Robot Analysis Total 1 | . 1 . Derelict Logs Recovered . | . . . Drone Launches . | . . . Drone Recoveries . | . . . Exploration | -11 -10 -9 ------------- Run | Yrd Mat Mat Turns Passed 1102 | 85 393 624 Spaces Moved 558 | 44 297 217 Core 4 | 4 . . Treads 141 | . . 141 Legs . | . . . Wheels 413 | 40 297 76 Hover . | . . . Flight . | . . . Fastest Speed 50 | 50 90 105 Average Speed 140 | 86 95 212 Slowest Speed 320 | 90 105 320 Overloaded Moves . | . . . Propulsion Burnouts . | . . . Robots Hopped . | . . . Potential Cave-ins . | . . . Cave-ins Triggered . | . . . Exploration Rate (%) 30 | 4 64 23 Regions Visited 2 Branch Regions . Pre-discovered Areas . | . . . Known Exits Taken . | . . . Unknown Exits Taken 2 | 1 1 . Scrap Searched . | . . . Spaces Dug 17 | . 17 . Terrain Destroyed 280 | . 140 140 Melee . | . . . Projectile 1 | . . 1 AOE 279 | . 140 139 Terrain Rammed . | . . . Walls Destroyed . | . . . Machines Disabled . | . . . Actions | -11 -10 -9 --------- Run | Yrd Mat Mat Total 716 | 71 345 300 Wait 9 | . 1 8 Move 556 | 43 296 217 Hop . | . . . Pick Up 27 | 10 6 11 Fast Attach . | . . . Attach 15 | 6 3 6 Detach 1 | . . 1 Swap 7 | . 3 4 Drop 5 | . 2 3 Fire 95 | 12 34 49 Melee . | . . . Ram . | . . . Kick . | . . . Crush 1 | . . 1 Escape Stasis . | . . . Rewire . | . . . Trap . | . . . Miscellaneous . | . . . Route ------- -11/Scrapyard -10/Materials (discovered 3 exits: *Mat x2 / [*Min]) -9/Materials History --------- Turn | Location | Event 26 | -11/Scrapyard | Discovered new exit (range 15) 86 | -11/Scrapyard | Entered Materials 254 | -10/Materials | Discovered new exit (range 13) 254 | -10/Materials | Discovered new exit (range 13) 288 | -10/Materials | Discovered new exit (range 14) 311 | -10/Materials | Build established: Mutant 415 | -10/Materials | Repaired Grenade Launcher 479 | -10/Materials | Entered another Materials area 479 | -9/Materials | Evolved 2 slots: Utility x2 588 | -9/Materials | Lost 3 parts (2n1w) 589 | -9/Materials | Destroyed 9 combat bots 705 | -9/Materials | Destroyed 8 combat bots 1047 | -9/Materials | Core integrity fell below 50% 1089 | -9/Materials | Core integrity fell below 20% 1103 | -9/Materials | Destroyed by Y-45 Defender with Heavy Assault Rifle Last Messages --------------- 01073_ G-47 Trooper destroyed. 01073_ G-34 Mercenary destroyed. 01073_ Terminal disabled. 01078_ K-01 Serf collects debris. 01079_ Acquired 14 matter. 01080_ Acquired 21 matter. 01081_ U-05 Engineer lays Concrete. 01081_ K-01 Serf collects debris. 01082_ U-05 Engineer lays Concrete. 01084_ K-01 Serf collects debris. 01085_ The unstable cave ceiling collapses. 01085_ U-05 Engineer lays Concrete. [Achievement: Oops] 01089_ U-05 Engineer lays Concrete. 01091_ Y-45 Defender destroyed. 01095_ Acquired Terrain Scanner. 01096_ Acquired 9 matter. 01097_ The unstable cave ceiling collapses. 01100_ Mni. Grenade Launcher destroyed. 01101_ Acquired 30 matter. Map ----- +----------------------------------------------------+ | ????????????????## # ### ## ########???? | | ?????????? ##### ########### #?????????? | | ????????? #?????????? | | ?????????T #?????????? | | ????????? % #?????????? | | ????????????##### # #?????????? | | ???????????????#### # ########### | | ?????????????# # # ! # | | ?????????????# # #" """ # | | ?????????????# # #T """ # | | ?????????????# # # """ # | | ????????????####+##+### # | | ??????????? u% * # | | ??????????? | = # | | ??????????? ! = # | | ???????????????####% # # *% # ###### | | ?????????????????## % # ######????? | | ?????????????????# # # !!! ! #?????????? | | ?????????????????# %= ### !!! ! #?????????? | | ??????????????????# [ ##### #?????????? | | ??????????????????# # #???#####?????????? | | ??????????????????# ###?????????????????? | | ?????????????????### % #???????????????????? | | ????????????? ??# # =a ###?????????????????? | | ??????????????? # #####?????????????? | | ????????########### @ #?????????????? | | ??????? %|%=% ##????????????? | | ??????? ! = [ #????????????? | | ??????? s ! Y #????????????? | | ??????????#/####### # # # #????????????? | | ?????????????????##?### #????????????? | | ??????????????????????# ##????????????? | | ??????????????????????# #?????????????? | | ??????????????????????# ##?????????????? | | ??????????????????????######### ##??????????????? | | ????????????????????????????###+####????????????? | | ????????????????????????????# #????????????? | | ????????????????????????????# #????????????? | | ????????????????????????????# #????????????? | | ????????????????????????????#!!! #????????????? | | ????????????????????????????#!! #????????????? | | ????????????????????????????#!! * #????????????? | | ????????????????????????????########????????????? | | ????????????????????????????????????????????????? | | ????????????????????????????????????????????????? | | ????????????????????????????????????????????????? | | ????????????????????????????????????????????????? | | ????????????????????????????????????????????????? | | ????????????????????????????????????????????????? | | ????????????????????????????????????????????????? | +----------------------------------------------------+ Best States ------------- Heat Dissipation 28 Energy Generation 12 Energy Capacity 265 Matter Stores 363 Matter Capacity 500 Sight Range 16 Terrain Scan Density 10 Resistance: KI 20 Resistance: TH 20 Resistance: EX 20 Resistance: EM 20 Resistance: I 20 Resistance: S 20 Resistance: P 20 Evasion (%) 42 Recoil Reduction 1 Offensive Hacking 10 Item Schematics ----------------- None Robot Schematics ------------------ None Fabricated ------------ Nothing Repaired ---------- Grenade Launcher | 8% | -10/Materials Studied --------- None Alien Tech Used ----------------- None Achievements -------------- Oops Overwhelming Remodeling Resistances Are Futile Challenges ------------ None Game ------ Seed FocalMakeshiftExpander Manual? 0 Play Time 00:14:28 Cumulative 3.1 hours Start 2025.11.29 @ 13:21:48 End 2025.11.29 @ 13:34:02 Sessions 1 Manual Loads 0 Difficulty Adventurer Special Mode None Game No. 7 Rogue 0 Adventurer 7 Explorer 0 Win Type - Total 0 Types 0/0/0/0/0/0/0/0/0/0 Lore% 2 Gallery% 6 Achievement% 6 Wizard Run 0 Options --------- Layout 2 ASCII 0 Keyboard 0 Movement Mouse Keybinds 0 Fullscreen 2 Font 20/SmallcapsGlow Map View 32x25 Zoom Use 91% Tactical HUD 1 Map Filters NONE Filters NONE Steam 1 RUN: a4f2d395-132f-4fc8-b1b0-391a30435b34